 Dungeon Crawl Stone Soup version 0.13.0-5-g7e31f0a (webtiles) character file.

139 Aelig the Cudgeler (level 2, -5/21 HPs)
             Began as a Demonspawn Skald on Oct 14, 2013.
             Slain by Sigmund
             ... wielding a +0,+0 scythe
              (8 damage)
             ... on Level 2 of the Dungeon.
             The game lasted 00:02:23 (1413 turns).

Aelig the Cudgeler (Demonspawn Skald)               Turns: 1413, Time: 00:02:23

HP  -5/21        AC  4     Str 12      XL: 2   Next: 79%
MP   5/5         EV 10     Int 13      God:
Gold 115         SH  0     Dex 12      Spells:  1 memorised,  4 levels left

Res.Fire  : . . .   See Invis. : .   a - +0 mace
Res.Cold  : + . .   Warding    : .   b - +0 leather armour
Life Prot.: . . .   Conserve   : .   (no shield)
Res.Poison: .       Res.Corr.  : .   (no helmet)
Res.Elec. : .       Clarity    : .   e - +0 cloak
Sust.Abil.: . .     Spirit.Shd : .   (no gloves)
Res.Mut.  : .       Stasis     : .   (no boots)
Res.Rott. : .       Flight     : .   (no amulet)
Saprovore : . . .                    (no ring)
                                     (no ring)

@: confused, not resistant to hostile enchantments, extremely unstealthy
A: cold resistance 1
a: no special abilities


You were on level 2 of the Dungeon.
You were not hungry.

You visited 1 branch of the dungeon, and saw 2 of its levels.

You collected 95 gold pieces.

Inventory:

Hand weapons
 a - a +0,+0 mace (weapon)
Armour
 b - a +0 leather armour (worn)
 e - a +0 cloak (worn)
Comestibles
 d - 3 bread rations
 j - a chunk of goblin flesh
 k - a chunk of giant cockroach flesh
 p - a meat ration
Scrolls
 g - a scroll of fear {unknown}
 l - a scroll of enchant weapon II {unknown}
 m - 2 scrolls of identify {unknown}
 n - 4 scrolls of remove curse {unknown}
 o - a scroll of curse weapon {unknown}
Potions
 f - 3 potions of curing {unknown}
 h - a potion of restore abilities {unknown}
 i - a potion of beneficial mutation {unknown}
Books
 c - a book of Battle

   Spells                             Type                      Level
   *Infusion                          Charms                       1
   Shroud of Golubria                 Charms/Translocation         2
   Song of Slaying                    Charms                       2
   Spectral Weapon                    Hexes/Charms                 3
   Regeneration                       Charms/Necromancy            3
   Song of Shielding                  Charms                       4


   Skills:
 - Level 2.0 Fighting
 + Level 3.1 Maces & Flails
 - Level 0.8 Armour
 - Level 0.8 Dodging
 - Level 2.0 Spellcasting
 - Level 2.6 Charms


You had 4 spell levels left.
You knew the following spells:

 Your Spells              Type           Power        Failure   Level  Hunger
a - Infusion              Chrm           #.....       10%         1    ##.....


Dungeon Overview and Level Annotations

Branches:
Dungeon (2/27)

Altars:
Elyvilon

Annotations:
D:2 Sigmund


Innate Abilities, Weirdness & Mutations

Your flesh is cold resistant.


Message History

Sigmund comes into view.
He is wielding a scythe.
Sigmund shouts!
A ball python comes into view.
Sigmund mumbles some strange words.
Sigmund flickers and vanishes!
Deactivating autopickup; reactivate with Ctrl-A.
The magic dart hits you!
A kobold comes into view.
The kobold shouts!
You are confused.
The magic dart hits you!
* * * LOW HITPOINT WARNING * * *
There is a stone staircase leading up here.
In your confused state, you trip and fall back down the stairs.
* * * LOW HITPOINT WARNING * * *
It hits you but does no damage.
In your confused state, you trip and fall back down the stairs.
* * * LOW HITPOINT WARNING * * *
It hits you!
You die...

....# #......... #.#
....# #.........# #.#
....# #..{S.....# #.#
....# #.........# #.#
....# #.........##
#######.## ###.#
#........... ...........
#.# #.........# #
#######.## #.#
#.....w.##.#.#### #.# #.#
#....(..@.........####.##
#.#
#.......##...............
#.#####.......#
..............
#........###.K#
.............
#................
...........<
#........###..##.# #
####..... #........# #..#
.. #..... #........# #..#
. #..... #........# #...
#.....


You could see a worm and a kobold.

Vanquished Creatures
  A ball python (D:1)
  2 bats (D:1)
  2 giant cockroaches
  2 goblins
  6 hobgoblins
  2 kobolds (D:1)
  3 giant newts
  2 rats
20 creatures vanquished.

Notes
Turn   | Place    | Note
--------------------------------------------------------------
     0 | D:1      | Aelig, the Demonspawn Skald, began the quest for the Orb.
     0 | D:1      | Reached XP level 1. HP: 15/15 MP: 3/3
   642 | D:1      | Gained mutation: Your flesh is cold resistant. [demonic ancestry]
   642 | D:1      | Reached XP level 2. HP: 11/21 MP: 1/5
  1299 | D:2      | Reached skill level 3 in Maces & Flails
  1324 | D:2      | Found a white marble altar of Elyvilon.
  1400 | D:2      | Noticed Sigmund
  1413 | D:2      | Slain by Sigmund

Action                   || total
-------------------------++-------
Melee: Mace              ||    71
 Cast: Infusion          ||    10
